 Dungeon Crawl Stone Soup version 0.28-b1-1-g3c77fb2ed1 (webtiles) character file.

Game seed: 12296928065371849643

5187 comborobin the Brawler (level 10, -6/88 HPs)
             Began as a Troll Cinder Acolyte on Jan 30, 2022.
             Was a Priest of Ignis.
             Mangled by a large abomination (33 damage)
             ... on level 10 of the Dungeon.
             The game lasted 00:05:46 (2840 turns).

comborobin the Brawler (Troll Cinder Acolyte)       Turns: 2840, Time: 00:05:47

Health: -6/88      AC:  8    Str: 24    XL:     10   Next: 34%
Magic:  10/10      EV:  9    Int: 10    God:    Ignis [***...]
Gold:   110        SH:  0    Dex:  9    Spells: 8/11 levels left

rFire   + + .      SeeInvis .     - Unarmed
rCold   + . .      Faith    .   (no shield)
rNeg    . . .      Spirit   .   v - +0 steam dragon scales
rPois   .          Reflect  .   (helmet restricted)
rElec   .          Harm     .   d - scarf {rC+ rF+}
rCorr   .          Rampage  .   (gloves unavailable)
Will    .....                   (boots unavailable)
Stlth   +.........              h - amulet of magic regeneration
HPRegen 1.04/turn               (no ring)
MPRegen 0.52/turn               (no ring)

@: unable to read
A: large, unfitting armour, claws 3, regeneration 1, shaggy fur 2, tough skin 1,
deterioration 1, inability to read while threatened, devolution 1
a: Renounce Religion, Fiery Armour, Foxfire Swarm, Rising Flame


You were on level 10 of the Dungeon.
You worshipped Ignis.
Ignis was most pleased with you.
You visited 1 branch of the dungeon, and saw 8 of its levels.

You collected 110 gold pieces.

Inventory:

Hand Weapons
 l - a +1 whip of electrocution
 u - the +6 morningstar of Bloody Death {pain, Drain +Blink rCorr Str+3}
   (You took it off an orc on level 9 of the Dungeon)

   In the hands of one skilled in necromantic magic, it inflicts extra damage on
   living creatures.
   Str:       It affects your strength (+3).
   +Blink:    It lets you blink.
   rCorr:     It protects you from acid and corrosion.
   Drain:     It drains your maximum health when unequipped.
Missiles
 n - 4 boomerangs of dispersal
 t - 4 curare-tipped darts (quivered)
 w - 4 large rocks
Armour
 a - a +0 robe
 d - a scarf of resistance (worn)
 v - +0 steam dragon scales (worn)
Jewellery
 h - an amulet of magic regeneration (around neck)
Wands
 j - a wand of iceblast (4)
 r - a wand of flame (2)
 s - a wand of paralysis (2)
Scrolls
 b - 2 scrolls of vulnerability {unknown}
 c - a scroll of fog {unknown}
 i - a scroll of immolation {unknown}
 m - a scroll of fear {unknown}
 p - a scroll of teleportation {unknown}
 q - a scroll of summoning {unknown}
Potions
 e - a potion of curing
 f - a potion of magic
 g - 2 potions of heal wounds
 k - 2 potions of brilliance


   Skills:
 - Level 2.4 Fighting
 + Level 15.4 Unarmed Combat
 - Level 1.0 Spellcasting
 - Level 2.1 Fire Magic


You had 8 spell levels left.
You knew the following spells:

 Your Spells              Type           Power      Damage    Failure   Level
e - Mephitic Cloud        Conj/Pois/Air  0%         N/A       71%         3

Your spell library contained the following spells:

 Spells                   Type           Power      Damage    Failure   Level
 Scorch                   Fire           8%         2d5       22%         2
 Magic Dart               Conj           0%         1d3       34%         1
 Call Imp                 Summ           0%         N/A       45%         2
 Ensorcelled Hibernation  Hex/Ice        0%         N/A       45%         2
 Spider Form              Tmut/Pois      0%         N/A       71%         3
 Flame Wave               Conj/Fire      2%         2d4       91%         4
 Anguish                  Hex/Necr       0%         N/A       98%         4
 Summon Cactus Giant      Summ           0%         N/A       100%        6


Dungeon Overview and Level Annotations

Branches:
Dungeon (10/15)            Temple (0/1) D:7
   Lair: D:8-11         Orc: D:9-12

Altars:

Shops:
D:4 =:[

Annotations:
D:8 1 transporter, iwittbrodt's ghost, novice MfIE
D:9 3 runed translucent doors, crazypyro's ghost, novice MiFi


Innate Abilities, Weirdness & Mutations

You are too large for most types of armour.
You have claws for hands.
Your natural rate of healing is unusually fast.
You are covered in thick fur. (AC +2)
You have tough skin. (AC +1)
Your body sometimes deteriorates upon taking damage.
You sometimes lose the ability to read scrolls when taking damage.
You have hidden genetic defects.


Message History

You closely miss the wizard.
The wizard is heavily wounded.
The wizard barely misses you.
You barely miss the wizard.
The wizard is heavily wounded.
A small abomination comes into view.
The wizard hits you but does no damage.
You barely miss the wizard.
The wizard is heavily wounded.
You mangle the wizard!!
You kill the wizard!
You mangle the small abomination!!
The small abomination is severely damaged.
The small abomination barely misses you.
You claw the small abomination!
You destroy the small abomination!
You claw the large abomination!
The large abomination is moderately damaged.
The large abomination barely misses you.
You barely miss the large abomination.
The large abomination is moderately damaged.
The large abomination hits you.
You barely miss the large abomination.
The large abomination is moderately damaged.
The large abomination hits you!!
You scratch the large abomination.
The large abomination is moderately damaged.
You mangle the large abomination!!
The large abomination is almost destroyed.
The large abomination hits you but does no damage.
A small abomination comes into view.
You scratch the large abomination but do no damage.
You claw the large abomination.
The large abomination is almost destroyed.
The large abomination hits you!!
You feel threatened and lose the ability to read scrolls!
* * * LOW HITPOINT WARNING * * *
You are too injured to fight recklessly!
The large abomination hits you!!
You die...

.## #..# .. #. #..##
.########..#######'####.###..#
...........#.......
#.....#..####
...........#.....x
#............
#########.##$.xxx
###........## #..#


xXX #..##.##...# #### #)# ####.##.##.### #X####.##.......# #.X@.........####
############## You could see 2 large abominations.

Vanquished Creatures
  A two-headed ogre (D:10)
  A wizard (D:10)
  Pikel (D:8)
  A manticore (D:10)
  Joseph (D:7)
  Grinder (D:3)
  Sigmund (D:4)
  9 yaks
  2 steam dragons (D:9)
  2 acid dragons
  A water moccasin (D:9)
  2 orc warriors (D:9)
  3 centaurs
  2 lemures (D:8)
  A scorpion (D:7)
  A small abomination (D:10)
  2 howler monkeys (D:10)
  2 lava snakes (D:9)
  A centaur zombie (D:9)
  3 orc priests
  Natasha (D:4)
  3 gnolls (D:4)
  A white imp (D:8)
  8 orcs
  An endoplasm (D:4)
  A giant cockroach (D:4)
  A quokka (D:4)
  A ball python (D:1)
  A kobold (D:4)
56 creatures vanquished.

Vanquished Creatures (others)
  27 foxfires
  8 plants
35 creatures vanquished.

Grand Total: 91 creatures vanquished

Notes
Turn   | Place    | Note
-------+----------+-------------------------------------------
     0 | D:1      | comborobin the Troll Cinder Acolyte began the quest for the
                  | Orb.
     0 | D:1      | Reached XP level 1. HP: 22/22 MP: 1/1
   111 | D:2      | Noticed an orc priest
   128 | D:2      | Killed an orc priest
   129 | D:2      | Reached skill level 4 in Unarmed Combat
   129 | D:2      | Reached XP level 2. HP: 19/29 MP: 2/2
   129 | D:2      | Reached XP level 3. HP: 23/36 MP: 3/3
   173 | D:3      | Learned a level 3 spell: Mephitic Cloud
   183 | D:3      | Noticed Grinder
   190 | D:3      | Killed Grinder
   191 | D:3      | Reached skill level 6 in Unarmed Combat
   191 | D:3      | Reached XP level 4. HP: 44/44 MP: 4/4
   191 | D:3      | Reached XP level 5. HP: 50/50 MP: 5/5
   224 | D:4      | Noticed an ogre
   237 | D:4      | Found Folug's Jewellery Emporium.
   374 | D:4      | Found Ycuzihune's Book Boutique.
   380 | D:4      | Noticed Sigmund
   406 | D:4      | Killed Sigmund
   407 | D:4      | Reached skill level 7 in Unarmed Combat
   407 | D:4      | Reached XP level 6. HP: 40/59 MP: 6/6
   692 | D:4      | Noticed Natasha
   695 | D:4      | Killed Natasha
   715 | D:4      | Found Ciqour's Armour Shop.
   764 | D:4      | You fall into a shaft and drop 3 floors!
   764 | D:7      | Noticed Joseph
   778 | D:7      | Killed Joseph
   779 | D:7      | Reached skill level 9 in Unarmed Combat
   779 | D:7      | Reached XP level 7. HP: 26/66 MP: 7/7
   823 | D:7      | Found a staircase to the Ecumenical Temple.
   850 | D:8      | Noticed Pikel
   857 | D:8      | Killed Pikel
   858 | D:8      | Reached skill level 10 in Unarmed Combat
   858 | D:8      | Reached XP level 8. HP: 64/74 MP: 8/8
   878 | D:8      | Found a transporter.
   901 | D:8      | Noticed iwittbrodt's ghost (novice MfIE)
  1062 | D:9      | Reached skill level 11 in Unarmed Combat
  1204 | D:9      | Reached skill level 12 in Unarmed Combat
  1222 | D:9      | Reached XP level 9. HP: 73/80 MP: 9/9
  1249 | D:10     | Entered Level 10 of the Dungeon
  1300 | D:10     | Noticed a two-headed ogre
  1306 | D:10     | Killed a two-headed ogre
  1307 | D:10     | Reached skill level 13 in Unarmed Combat
  1571 | D:10     | Noticed a manticore
  1576 | D:10     | Reached skill level 14 in Unarmed Combat
  1696 | D:9      | Reached XP level 10. HP: 48/88 MP: 10/10
  1742 | D:10     | Killed a manticore
  2021 | D:9      | Identified the +6 morningstar of Bloody Death {pain, Drain
                  | +Blink rCorr Str+3}
  2112 | D:9      | Found a runed translucent gate.
  2113 | D:9      | Noticed an 11-headed hydra
  2198 | D:9      | Reached skill level 15 in Unarmed Combat
  2464 | D:9      | Found a runed translucent gate.
  2465 | D:9      | Found a runed translucent gate.
  2465 | D:9      | Noticed crazypyro's ghost (novice MiFi)
  2824 | D:10     | Noticed a large abomination
  2824 | D:10     | Noticed a wizard
  2825 | D:10     | Gained mutation: Your body sometimes deteriorates upon
                  | taking damage. [potion of mutation]
  2825 | D:10     | Gained mutation: You have hidden genetic defects. [potion
                  | of mutation]
  2825 | D:10     | Gained mutation: You sometimes lose the ability to read
                  | scrolls when taking damage. [potion of mutation]
  2825 | D:10     | Gained mutation: You are covered in thick fur. (AC +2)
                  | [potion of mutation]
  2830 | D:10     | Killed a wizard
  2840 | D:10     | Mangled by a large abomination

Illustrated notes

Levels and vault maps discovered:
D:1:      dpeg_arrival_chambers_temple_mockup, layout_loops_ring,
          chequers_ecumenical_altar_simple, minmay_distorted
D:2:      minmay_evil_eye, layout_loops_ring, serial_shops, nicolae_square_shop,
          uniq_crazy_yiuf_cottage
D:3:      layout_loops_corners, serial_shops, shop, gammafunk_ghost_arena,
          uniq_grinder
D:4:      layout_basic, serial_shops, shop, nicolae_shop_waterfront,
          nicolae_stop_n_shop_2, shop, serial_park_tiny_2, goddamned_bats,
          uniq_sigmund, uniq_natasha, uniq_edmund
D:7:      layout_rooms, minmay_temple_entry_offerings, serial_bayou_lagoon_b,
          uniq_joseph, uniq_harold
D:8:      layout_basic, gammafunk_ghost_arena, uniq_pikel, uniq_erica
D:9:      layout_basic, gammafunk_ghost_hydra_chop, minmay_misc_feat_ornament,
          amcnicky_mini_pool_medium
D:10:     layout_loops_ring, laboratory

Skill      XL: |  1  2  3  4  5  6  7  8  9 10 |
---------------+-------------------------------+-----
Unarmed Combat | 4 6 7 9 10 12 14 15 | 15.4
Fighting       | |  2.4
Spellcasting   | |  1.0
Fire Magic     | |  2.1

Action                   |  1- 3 |  4- 6 |  7- 9 | 10-12 || total
-------------------------+-------+-------+-------+-------++-------
Melee: Unarmed           |    16 |    25 |    68 |    37 ||   146
       Punch             |     1 |     1 |     8 |     2 ||    12
Throw: Dart              |       |       |       |     3 ||     3
Invok: Fiery Armour      |     1 |     1 |     1 |       ||     3
       Foxfire Swarm     |       |     2 |       |       ||     2
Evoke: Wand              |       |       |    15 |       ||    15
  Use: Potion            |       |     3 |       |     1 ||     4
       Scroll            |       |       |     2 |       ||     2
Armor: Robe              |     7 |     5 |    13 |     2 ||    27
       Steam dragon scal |       |       |       |     3 ||     3
Dodge: Dodged            |     5 |    10 |    16 |    11 ||    42
